 Dungeon Crawl Stone Soup version 0.31-a0-1540-g5a0b83f (webtiles) character file.

Game seed: 3983884511437861120

301 Dorkslayer the Poker (level 6, -3/48 HPs)
             Began as a Merfolk Fighter on Dec 20, 2023.
             Slain by a river rat (8 damage)
             ... summoned by Eustachio
             ... on level 4 of the Dungeon on Jan 1, 2024.
             The game lasted 00:08:49 (2872 turns).

Dorkslayer the Poker (Merfolk Fighter)              Turns: 2872, Time: 00:08:50

Health: -3/48      AC:  7    Str: 18    XL:     6   Next: 37%
Magic:  15/15      EV: 10    Int:  8    God:
Gold:   279        SH:  5    Dex: 13    Spells: 5/5 levels left

rFire   . . .        o - +2 mace of Cheibriados, Hungering {holy, rElec Will+}
rCold   . . .        c - +0 buckler
rNeg    . . .        b - +0 scale mail
rPois   .            (no helmet)
rElec   +            h - +0 cloak
rCorr   .            (no gloves)
SInv    .            (no boots)
Will    +....        (no amulet) Stlth
                     m - ring of magical power
HPRegen 0.28/turn    (no ring)
MPRegen 0.14/turn

%: no passive effects
@: no status effects
A: (nimble swimmer 2), mertail
a: no special abilities


You were on level 4 of the Dungeon.
You visited 1 branch of the dungeon, and saw 4 of its levels.

You collected 279 gold pieces.

Inventory:

Hand Weapons
 a - a +0 trident
 o - the +2 mace of Cheibriados, Hungering (weapon) {holy, rElec Will+}
   (You found it on level 2 of the Dungeon)

   rElec:     It insulates you from electricity.
   Will+:     It increases your willpower.
Missiles
 p - 3 boomerangs (quivered)
Armour
 b - a +0 scale mail (worn)
 c - a +0 buckler (worn)
 h - a +0 cloak (worn)
Jewellery
 m - a ring of magical power (left hand)
Scrolls
 d - 2 scrolls of immolation
 g - 2 scrolls of teleportation
 j - a scroll of vulnerability {unknown}
 l - a scroll of torment {unknown}
Potions
 e - a potion of invisibility {unknown}
 f - a potion of lignification {unknown}
 i - a potion of curing {unknown}
 k - a potion of haste {unknown}
 n - a potion of heal wounds {unknown}
 r - a potion of enlightenment {unknown}
 s - a potion of resistance {unknown}
 u - a potion of ambrosia {unknown}


   Skills:
 + Level 4.0 Fighting
 * Level 2.4 Maces & Flails
 + Level 4.1 Polearms
 + Level 3.0 Armour
 * Level 2.6 Dodging
 + Level 0.5 Stealth
 + Level 3.4 Shields


You had 5 spell levels left.
You didn't know any spells.
Your spell library contained the following spells:

 Spells                   Type           Power      Damage    Failure   Level
 Summon Small Mammal      Summ           0%         N/A       86%         1
 Call Canine Familiar     Summ           0%         N/A       99%         3
 Hailstorm                Conj/Ice       0%         3d5       99%         3
 Summon Ice Beast         Ice/Summ       0%         N/A       99%         3
 Summon Blazeheart Golem  Fire/Summ      0%         N/A       100%        4
 Sculpt Simulacrum        Ice/Alch       0%         N/A       100%        6


Dungeon Overview and Level Annotations

Branches:
Dungeon (4/15)
 Temple: D:4-7

Altars:
Dithmenos
Kikubaaqudgha
Xom
The Shining One

Annotations:
D:4 Eustachio


Innate Abilities, Weirdness & Mutations

((You are very nimble when in or above water. (Stealth+, EV+, Speed+++)))
Your lower body shifts to a powerful aquatic tail in water.


Message History

Eustachio gestures wildly while chanting.
Eustachio blinks!
Eustachio attacks as he pursues you! Eustachio hits you but does no damage.
Eustachio calls on the powers of shadow!
Eustachio attacks as he pursues you! Eustachio hits you with a +0 rapier.
You hit Eustachio.
Eustachio is lightly wounded.
Eustachio mumbles some strange words.
You hit Eustachio.
Eustachio is moderately wounded.
Eustachio hits you with a +0 rapier.
You sock Eustachio!
Eustachio is heavily wounded.
Eustachio closely misses you. The iron imp closely misses you.
Eustachio hits you with a +0 rapier.
You hit Eustachio.
Eustachio is heavily wounded.
Eustachio misses you. The iron imp hits you.
You barely miss Eustachio.
Eustachio is heavily wounded.
Eustachio twirls his moustache.
Eustachio hits you with a +0 rapier. The iron imp closely misses you.
You closely miss Eustachio.
Eustachio is heavily wounded.
Eustachio hits you with a +0 rapier. The iron imp hits you.
The iron imp hits you! Eustachio hits you with a +0 rapier.
You sock Eustachio!
Eustachio is severely wounded.
The iron imp hits you.
* * * LOW HITPOINT WARNING * * *
Eustachio casts a spell.
You block the iron imp's attack.
You hit Eustachio.
Eustachio is severely wounded.
Eustachio hits you with a +0 rapier.
* * * LOW HITPOINT WARNING * * *
The iron imp hits you.
* * * LOW HITPOINT WARNING * * *
The iron imp closely misses you. The river rat bites you!
You die...

..............# #.....
.............# ##.....
+..........#.............
#..........#.............
#.........#.............
#......r..#.............
#....##5..#.............
#######@5.##.....##.....
#@5.##.....##.....
#rr...............
#.................
#.........).......
#..........##.....
#...##....)######'
##+###.....†......
+.............
##.....##.....


You could see Eustachio, 2 iron imps, a crimson imp (summoned), a river rat
(summoned), a quokka (summoned) and a rat (summoned).

Vanquished Creatures
  A sky beast (D:3)
  A hound (D:4)
  2 orc wizards (D:3)
  An adder (D:4)
  4 dart slugs
  2 ribbon worms
  3 orcs (D:3)
  A bat (D:2)
  10 endoplasms
  A giant cockroach (D:1)
  10 goblins
  8 hobgoblins
  2 jackals (D:3)
  4 quokkas (D:1)
  5 ball pythons
  5 frilled lizards
  6 kobolds
  A rat (D:3)
67 creatures vanquished.

Vanquished Creatures (collateral kills)
  The ghost of ironshield the Caller, a weakling DsSu (D:3)
1 creature vanquished.

Grand Total: 68 creatures vanquished

Notes
Turn   | Place    | Note
-------+----------+-------------------------------------------
     0 | D:1      | Dorkslayer the Merfolk Fighter began the quest for the Orb.
     0 | D:1      | Reached XP level 1. HP: 18/18 MP: 1/1
   259 | D:1      | Reached XP level 2. HP: 22/24 MP: 2/2
   399 | D:1      | Reached skill level 1 in Dodging
   512 | D:1      | Upgraded the game from 0.31-a0-1321-g5021b54 to
                  | 0.31-a0-1540-g5a0b83f
   532 | D:1      | Reached XP level 3. HP: 29/29 MP: 3/3
  1346 | D:2      | Found a faded altar of an unknown god.
  1410 | D:2      | Identified the +2 mace of Cheibriados, Hungering {holy,
                  | rElec Will+}
  1632 | D:3      | Reached XP level 4. HP: 37/37 MP: 4/4
  1836 | D:3      | Reached XP level 5. HP: 42/42 MP: 5/5
  1926 | D:3      | Found an ancient bone altar of Kikubaaqudgha.
  1956 | D:3      | Found a glowing golden altar of the Shining One.
  2179 | D:3      | Found a runed translucent door.
  2181 | D:3      | Noticed a sky beast
  2412 | D:3      | Noticed ironshield's ghost (weakling DsSu)
  2467 | D:3      | Killed a sky beast
  2468 | D:3      | Reached skill level 1 in Maces & Flails
  2469 | D:3      | Killed ironshield's ghost
  2470 | D:3      | Reached XP level 6. HP: 38/48 MP: 6/6
  2767 | D:4      | Noticed Eustachio
  2824 | D:4      | Found a shimmering altar of Xom.
  2826 | D:4      | Found a shadowy altar of Dithmenos.
  2872 | D:4      | Slain by a river rat

Illustrated notes

Levels and vault maps discovered:
D:1:      ncdulo_watergridlock, layout_loops_cross, minmay_misc_feat_x,
          chequers_serial_rivers_micro_b
D:2:      layout_loops_cross, ebering_ecumenical_altar_webs, grunt_ministairs_10
D:3:      layout_basic, mainiacjoe_overflow_24_doors,
          mainiacjoe_overflow_concentric_impassable, ebering_ghost_inner_flame
D:4:      layout_gridville, mainiacjoe_overflow_catwalk_spiral, uniq_eustachio

Skill      XL: |  1  2  3  4  5 |
---------------+----------------+-----
Dodging        | 1 2 |  2.6
Polearms       | 3 4 |  4.1
Fighting       | 4 |  4.0
Maces & Flails | 2 |  2.4
Armour         | 3 |  3.0
Stealth        | |  0.5
Shields        | |  3.4

Action                     |  1- 3 |  4- 6 || total
---------------------------+-------+-------++-------
  Melee: Trident           |   102 |       ||   102
         Mace              |     8 |   119 ||   127
  Throw: Boomerang         |       |    11 ||    11
    Use: Scroll            |       |     5 ||     5
         Potion            |       |     1 ||     1
   Stab: Distracted        |       |     1 ||     1
 Armour: Scale mail        |    47 |   102 ||   149
  Dodge: Dodged            |    34 |    61 ||    95
  Block: Buckler           |    15 |    23 ||    38

Table legend: (Time is in decaauts)
 A = Elapsed time spent in this place.
 B = Non-inter-level travel time spent in this place.
 C = Inter-level travel time spent in this place.
 D = Time resting spent in this place.
 E = Time spent auto-exploring this place.
 F = Levels seen in this place.
 G = Mean time per level.
                   A        B        C        D        E       F      G
               +--------+--------+--------+--------+--------+-----+--------+
         Total |   2938 |   2938 |      0 |      0 |   1919 |   4 |  734.5 |
       Dungeon |   2938 |   2938 |      0 |      0 |   1919 |   4 |  734.5 |
               +--------+--------+--------+--------+--------+-----+--------+

Top non-repeatable levels by time:
     D:3: 934 daAuts
     D:1: 823 daAuts
     D:2: 790 daAuts
     D:4: 389 daAuts
